AoeStats
← parry enjoyer

African Clearing

504751040Analyzed
3v3 RM · 26d ago on Sep 6, 2026· 53m 16s· 6 players
Game mode
Random Map
Map size
Normal (6 player)
Population
200
Speed
Normal
Resources
Standard
Victory
Conquest
Starting age
Dark Age
Ending age
Imperial Age
RankedLock teamsTeams togetherTeam positionsShared explorationLock speedFull tech treeHidden civsTurbo modeCheats
Victory
Defeat
🇨🇳 Wei · China
817
+19
🇮🇩 Hindustanis · Indonesia
779
+21
🇨🇳 Italians · China
778
+21
🇨🇳 Khitans · China
901
-21
🇨🇳 Khmer · China
884
-22
🇨🇳 Armenians · China
867
-20
西百拉米
4:20 Loom
15:25 Feudal Age
16:45 Wheelbarrow
15:57 Double-Bit Axe
16:24 Town Watch
17:23 Gold Mining
19:43 Horse Collar
22:52 Castle Age
21:13 Stone Mining
28:43 Bow Saw
31:18 Heavy Plow
33:45 Silk Road
35:15 Hand Cart
36:14 Town Patrol
37:33 Murder Holes
38:00 Ballistics
37:52 Thumb Ring
37:43 Fletching
37:54 Padded Archer Armor
39:16 Masonry
39:09 Caravan
42:50 Imperial Age
43:18 Bodkin Arrow
43:38 Leather Archer Armor
44:34 Chemistry
44:20 Conscription
44:13 Pirotechnia
43:48 Elite Genoese Crossbowman
45:12 Bracer
45:42 Ring Archer Armor
51:14 Two-Man Saw
parry enjoyer
9:03 Loom
14:49 Feudal Age
15:26 Double-Bit Axe
16:17 Horse Collar
20:38 Bloodlines
22:38 Bloodlines
24:42 Scale Barding Armor
28:21 Castle Age
28:51 Gold Mining
29:39 Wheelbarrow
29:33 Bow Saw
29:31 Heavy Plow
29:19 Light Cavalry
30:25 Forging
31:08 Husbandry
34:02 Grand Trunk Road
34:11 Murder Holes
35:23 Hand Cart
36:03 Town Watch
38:07 Scale Mail Armor
39:23 Fletching
42:40 Imperial Age
41:12 Ballistics
41:16 Town Patrol
42:37 Gold Shaft Mining
41:55 Stone Mining
44:25 Conscription
45:29 Two-Man Saw
44:40 Heavy Camel Rider
45:55 Chain Barding Armor
46:31 Hoardings
46:47 Iron Casting
48:51 Plate Barding Armor
49:01 Siege Engineers
49:25 Imperial Camel Rider
54:11 Blast Furnace
MTYDRxiaohei
5:16 Loom
17:25 Feudal Age
18:07 Double-Bit Axe
19:52 Bloodlines
19:59 Scale Barding Armor
21:17 Forging
26:52 Castle Age
26:33 Stone Mining
27:51 Husbandry
32:36 Fletching
35:26 Horse Collar
36:02 Treadmill Crane
41:40 Chain Barding Armor
41:22 Murder Holes
41:52 Bow Saw
42:09 Bodkin Arrow
44:02 Tuntian
48:29 Imperial Age
48:20 Iron Casting
48:16 Ballistics
48:44 Stone Shaft Mining
48:56 Wheelbarrow
48:45 Gold Mining
50:22 Chemistry
50:38 Hand Cart
51:05 Conscription
52:19 Bracer
53:19 Ming Guang Armor
53:41 Gold Shaft Mining
53:06 Town Watch
54:39 Blast Furnace
53:41 Scale Mail Armor
西门
18:40 Feudal Age
16:56 Loom
19:32 Domestication
24:30 Forging
27:30 Scale Mail Armor
29:40 Castle Age
29:11 Gold Mining
29:16 Stone Mining
29:33 Double-Bit Axe
31:08 Bow Saw
30:41 Pikeman
31:22 Squires
32:16 Pastoralism
33:24 Stone Shaft Mining
38:21 Lamellar Armor
39:32 Iron Casting
39:12 Chain Mail Armor
40:10 Husbandry
40:40 Scale Barding Armor
40:56 Town Watch
42:53 Wheelbarrow
47:04 Imperial Age
45:36 Fletching
45:46 Padded Archer Armor
47:13 Lamellar Armor
46:59 Elite Skirmisher
47:45 Thumb Ring
48:20 Conscription
49:46 Conscription
48:50 Elite Liao Dao
统统佐特
5:47 Loom
18:08 Feudal Age
19:21 Double-Bit Axe
19:22 Horse Collar
21:01 Bloodlines
22:10 Wheelbarrow
29:24 Castle Age
33:10 Imperial Age
30:32 Pikeman
31:36 Heavy Plow
31:49 Bow Saw
34:38 Stone Mining
35:51 Halberdier
37:47 Padded Archer Armor
38:03 Forging
41:07 Conscription
40:48 Double Crossbow
42:24 Hand Cart
42:02 Elite Ballista Elephant
49:21 Scale Barding Armor
49:55 Iron Casting
50:03 Husbandry
49:25 Light Cavalry
嘿咻
4:07 Loom
15:37 Feudal Age
16:56 Man-at-Arms
17:46 Long Swordsman
19:23 Scale Mail Armor
19:44 Double-Bit Axe
21:01 Town Watch
21:39 Pikeman
33:29 Castle Age
35:01 Horse Collar
35:36 Halberdier
36:17 Squires
43:47 Wheelbarrow
44:35 Gold Mining
45:26 Hand Cart
46:28 Two-Handed Swordsman
Connection lost

Rejoining the realm…

Still unreachable

The connection could not be restored.

Session expired

The server has moved on; the page needs a fresh start.